 Dungeon Crawl Stone Soup version 0.30-a0-457-g4b7bca3bfa (webtiles) character file.

Game seed: 2871327148697971458

299889 cforsyth the Slayer (level 20, -23/204 HPs)
             Began as a Minotaur Berserker on Dec 12, 2022.
             Was the Champion of Trog.
             Annihilated by a white very ugly thing (53 damage)
             ... on level 3 of the Vaults.
             The game lasted 01:42:43 (51555 turns).

cforsyth the Slayer (Minotaur Berserker)           Turns: 51555, Time: 01:42:43

Health: -23/204    AC: 44    Str: 27    XL:     20   Next: 15%
Magic:  19/19      EV: 16    Int:  6    God:    Trog [******]
Gold:   1919       SH:  7    Dex: 16    Spells: 19/19 levels left

rFire   + + +      SeeInvis +    I - +4 war axe of the Assorted Spines {speed, rN++ rCorr Str-2}
rCold   . . .      Faith    .    a - +0 buckler
rNeg    + + .      Spirit   .    Z - +6 gold dragon scales
rPois   +          Reflect  .    S - +3 crown of Dyrovepreva {rElec Int+2 SInv}
rElec   +          Harm     .    k - +1 cloak
rCorr   +          Rampage  .    F - +4 pair of gloves of Free Will {rF+ Slay+3}
Will    +....                    m - +0 pair of boots {Stlth+}
Stlth   ..........               b - amulet of the acrobat
HPRegen 0.54/turn                w - ring of Red Wine {Fire rCorr Dex+4 Slay+3}
MPRegen 0.16/turn                K - +4 ring of slaying

@: marked
A: horns 2, retaliatory headbutt
}: 2/15 runes: barnacled, gossamer
a: Renounce Religion, Berserk, Trog's Hand, Brothers in Arms


You were on level 3 of the Vaults.
You worshipped Trog.
Trog was exalted by your worship.
You visited 6 branches of the dungeon, and saw 33 of its levels.
You visited the Abyss 1 time.
You also visited: Sewer.

You collected 3852 gold pieces.
You spent 1933 gold pieces at shops.

Inventory:

Hand Weapons
 I - the +4 war axe of the Assorted Spines (weapon) {speed, rN++ rCorr Str-2}
   (You found it on level 14 of the Dungeon)

   Attacks with this weapon are significantly faster.
   Str:       It affects your strength (-2).
   rN:        It greatly protects you from negative energy.
   rCorr:     It protects you from acid and corrosion.
 L - a +1 vorpal broad axe
Armour
 a - a +0 buckler (worn)
 k - a +1 cloak (worn)
 m - a +0 pair of boots of stealth (worn)
 F - the +4 pair of gloves of Free Will (worn) {rF+ Slay+3}
   (You found it on level 4 of the Spider Nest)

   Slay:      It affects your accuracy & damage with ranged weapons and melee
   (+3).
   rF:        It protects you from fire.
 S - the +3 crown of Dyrovepreva (worn) {rElec Int+2 SInv}
   (You found it on level 4 of the Lair of Beasts)

   Int:       It affects your intelligence (+2).
   rElec:     It insulates you from electricity.
   SInv:      It lets you see invisible.
 Z - +6 gold dragon scales (worn)
Jewellery
 b - an amulet of the acrobat (around neck)
 e - a ring of protection from cold
 t - the ring "Pegeq" {rPois AC+4 SInv Stlth+}
   (You bought it in a shop on level 2 of the Orcish Mines)

   [ring of protection]

   AC:        It affects your AC (+4).
   rPois:     It protects you from poison.
   SInv:      It lets you see invisible.
   Stlth:     It makes you more stealthy.
 w - the ring of Red Wine (left hand) {Fire rCorr Dex+4 Slay+3}
   (You took it off a merfolk siren on level 4 of the Shoals)

   [ring of fire]

   It enhances your fire magic.
   Dex:       It affects your dexterity (+4).
   Slay:      It affects your accuracy & damage with ranged weapons and melee
   (+3).
   rF:        It protects you from fire.
   rC:        It makes you vulnerable to cold.
   rCorr:     It protects you from acid and corrosion.
 A - a ring of willpower
 D - a ring of positive energy
 G - a ring of protection from cold
 K - a +4 ring of slaying (right hand)
 N - a ring of willpower
 P - a ring of resist corrosion
 T - a ring of willpower
 Y - the ring "Bum Hupnowk" {rF+ Dex+4}
   (You found it on level 3 of the Spider Nest)

   [ring of protection from fire]

   Dex:       It affects your dexterity (+4).
   rF:        It protects you from fire.
Wands
 j - a wand of iceblast (28)
 q - a wand of acid (14)
 r - a wand of digging (20)
 v - a wand of charming (27)
 z - a wand of flame (42)
 C - a wand of mindburst (24)
Scrolls
 d - 5 scrolls of enchant weapon
 h - 9 scrolls of teleportation
 p - 5 scrolls of poison
 x - 3 scrolls of magic mapping
 y - 5 scrolls of fog
 B - 14 scrolls of identify
 O - 3 scrolls of blinking
 Q - a scroll of fear
 U - 2 scrolls of silence
 X - a scroll of brand weapon
Potions
 c - 5 potions of haste
 f - 3 potions of might
 g - 6 potions of attraction
 i - 3 potions of flight
 l - 10 potions of heal wounds
 n - 2 potions of magic
 o - 3 potions of mutation
 s - 6 potions of cancellation
 u - 11 potions of curing
 E - 2 potions of resistance
 H - 3 potions of invisibility
 J - a potion of berserk rage
 R - 2 potions of lignification
 W - 3 potions of ambrosia
Miscellaneous
 M - a phial of floods


   Skills:
 + Level 23.3 Fighting
 - Level 16.8 Axes
 + Level 23.0 Armour
 + Level 21.4 Dodging
 - Level 10.0 Shields


You had 19 spell levels left.
You didn't know any spells.
Your spell library was empty.

Dungeon Overview and Level Annotations

Branches:
Dungeon (15/15)            Temple (0/1) D:4            Lair (5/5) D:10
 Shoals (4/4) Lair:3       Spider (4/4) Lair:2        Slime (0/5) Lair:5
    Orc (2/2) D:9             Elf (0/3) Orc:2        Vaults (3/5) D:13
  Crypt (0/3) Vaults:2     Depths (0/4) D:15          Sewer (visited)

Altars:
Ashenzari
Cheibriados
Dithmenos
Gozag
Makhleb
Okawaru
Vehumet
Zin
Jiyva

Shops:
D:1 (   D:10 (   Orc:2 (=[*   Shoals:2 [   Shoals:3 =   Vaults:1 (

Annotations:
D:4 exclusion: statue
Lair:4 exclusion: oklob plant


Innate Abilities, Weirdness & Mutations

You have a pair of horns on your head.
You reflexively headbutt those who attack you in melee.


Message History

The white very ugly thing is heavily wounded.
You slash the white very ugly thing!
The white very ugly thing claws you but does no damage.
The white very ugly thing trunk-slaps you but does no damage.
You carve the white very ugly thing like a ham!!!
The white very ugly thing is almost dead.
You hit the white very ugly thing.
You closely miss the white very ugly thing.
The white very ugly thing trunk-slaps you!
The white very ugly thing freezes you!!!
You are too injured to fight recklessly!
You are too injured to fight recklessly!
You are too injured to fight recklessly!
You are too injured to fight recklessly!
You are too injured to fight recklessly!
You are too injured to fight recklessly!
You are too injured to fight recklessly!
You barely miss the white very ugly thing.
You headbutt the white very ugly thing!!
The white very ugly thing is heavily wounded.
You hit the white very ugly thing but do no damage.
You slice the white very ugly thing!!
You block the white very ugly thing's attack.
The white very ugly thing misses you.
You barely miss the white very ugly thing.
The white very ugly thing is heavily wounded.
You hit the white very ugly thing. x2
You slice the white very ugly thing!!
The white very ugly thing is almost dead.
You completely miss the white very ugly thing.
You slash the white very ugly thing!
The white very ugly thing trunk-slaps you.
The white very ugly thing freezes you!!!
The white very ugly thing claws you!
The white very ugly thing freezes you!!!
* * * LOW HITPOINT WARNING * * *
The white very ugly thing trunk-slaps you!
* * * LOW HITPOINT WARNING * * *
The white very ugly thing freezes you!!!
You die...

...'...# #... ##'##..#
#..# #..###.# #..#
...##### #..# .....#
#..# ##############..#
.............'.:#
.............#.)#######.
.............#..@u......
.............#..uu......
.............###########
.............#
.........(...#
.............#
.............#
####'##......#
'.....#......##########


You could see 3 very ugly things.

Vanquished Creatures
  Mennas (Vaults:3)
  Margery (Vaults:3)
  A profane servitor (Abyss:2)
  Nikola (Shoals:4)
  Arachne (Spider:3)
  Rupert (D:13)
  A tentacled monstrosity (Abyss:2)
  Mlioglotl (Shoals:2)
  A kraken (Shoals:3)
  A sphinx (Vaults:1)
  Kirke (Spider:3)
  Ilsuiw (Shoals:4)
  A juggernaut zombie (D:15)
  3 vault wardens
  6 ghost moths
  10 ironbound preservers
  A caustic shrike zombie (D:15)
  2 orc warlords (Orc:1)
  Aizul (Vaults:3)
  A broodmother (Spider:1)
  6 very ugly things
  Nessos (D:12)
  4 ironbound thunderhulks
  16 dire elephants
  A lorocyproca (Abyss:2)
  A white draconian (Abyss:2)
  3 spark wasps
  7 merfolk impalers
  2 merfolk javelineers (Shoals:4)
  3 crystal guardians
  6 yaktaur captains
  A jiangshi (Vaults:2)
  9 entropy weavers
  3 great orbs of eyes
  5 hydras
  Josephine (D:15)
  3 peacekeepers
  3 vault guards (Vaults:3)
  2 ghost crabs (Spider:1)
  3 catoblepae
  The ghost of GiantSquids the Fighter, a journeyman DjCj of Makhleb (D:9)
  3 radroaches
  5 jorogumos
  3 ironbound frosthearts (Vaults:3)
  12 centaur warriors
  A satyr (Shoals:4)
  A death knight (D:14)
  10 two-headed ogres
  4 merfolk avatars
  3 merfolk aquamancers
  13 death yaks
  2 boulder beetles
  An orc high priest (Orc:2)
  A vampire mage (Vaults:2)
  Urug (D:13)
  Nergalle (D:10)
  Sonja (Orc:2)
  3 hell knights (Vaults:3)
  A storm dragon zombie (D:15)
  A deep elf knight (Spider:2)
  A wretched star (Abyss:2)
  2 skeletal warriors (D:15)
  6 steelbarb worms
  2 sun moths
  10 pharaoh ants
  33 deep trolls
  18 sea snakes
  15 orb spiders
  3 phantasmal warriors
  A kraken simulacrum (Shoals:4)
  A deep elf archer (Spider:2)
  16 lindwurms
  4 wizards
  A glowing orange brain (Vaults:3)
  A deep elf zephyrmancer (Orc:2)
  9 ironbound convokers
  8 deep elf pyromancers (Orc:2)
  6 orc knights
  5 orc sorcerers
  5 necromancers
  A mana viper (Abyss:2)
  16 wolf spiders
  19 ugly things
  22 manticores
  13 harpies
  7 cyclopes
  A frost giant zombie (Vaults:1)
  A salamander (shapeshifter) (D:13)
  5 fauns
  3 moths of wrath
  18 merfolk sirens
  2 worldbinders (Abyss:2)
  22 elephants
  6 vault sentinels
  An apocalypse crab (Abyss:2)
  6 black mambas
  7 torpor snails
  2 smoke demons (Abyss:2)
  A gargoyle (D:11)
  3 water nymphs
  2 kobold demonologists (D:9)
  12 cane toads
  2 unseen horrors
  2 komodo dragons (Lair:1)
  A rime drake (Lair:3)
  2 tengu conjurers (D:13)
  14 yaktaurs
  Psyche (D:8)
  4 freezing wraiths
  4 demonic crawlers
  An efreet (D:15)
  10 trolls
  A human zombie (Vaults:1)
  A yaktaur skeleton (Vaults:1)
  7 wind drakes
  30 merfolk
  3 meliai (Spider:2)
  34 slime creatures
  5 tyrant leeches (Spider:1)
  4 polar bears
  21 tarantellas
  A harpy skeleton (Abyss:2)
  Prince Ribbit (D:5)
  A raiju (Abyss:2)
  3 blink frogs (Lair:5)
  15 dream sheep
  8 snapping turtles
  A centaur simulacrum (D:15)
  A fire giant simulacrum (Vaults:1)
  33 jumping spiders
  22 culicivoras
  7 wraiths
  2 vampires
  16 humans (D:13)
  3 wyverns
  3 shadows (D:9)
  4 basilisks
  3 fire bats (Abyss:2)
  7 water elementals
  A fire bat (shapeshifter) (D:15)
  42 yaks
  2 hogs (Spider:3)
  A hog (shapeshifter) (Vaults:2)
  3 neqoxecs (Abyss:2)
  45 redbacks
  9 vampire mosquitoes
  3 steam dragons
  Edmund (D:6)
  2 wargs
  A glowing shapeshifter zombie (D:15)
  12 water moccasins
  A hell hound (Spider:2)
  4 large abominations (Abyss:2)
  Duvessa (D:7)
  An acid dragon (D:9)
  41 orc warriors
  2 sky beasts (D:6)
  3 black bears
  An ettin simulacrum (Vaults:1)
  A hornet zombie (D:6)
  11 ogres
  11 centaurs
  13 wolves
  2 phantoms (D:6)
  3 kobold brigands
  7 bullfrogs
  A gnoll sergeant (D:10)
  2 necrophages
  5 scorpions
  A wyvern zombie (D:6)
  A water moccasin zombie (D:6)
  Dowan (D:7)
  9 killer bees
  7 howler monkeys
  4 electric eels (D:6)
  2 centaur zombies (D:6)
  26 orc priests
  A quasit (Abyss:2)
  9 starcursed masses (Abyss:2)
  4 hounds
  3 bullfrog zombies (D:6)
  2 jellies
  A gnoll bouda (D:9)
  Ijyb (D:5)
  An iguana (D:4)
  27 orc wizards
  5 hell rats
  2 killer bee zombies (D:6)
  3 small abominations (Abyss:2)
  A howler monkey zombie (D:6)
  17 gnolls
  11 adders
  3 river rats (Sewer)
  A shadow imp (D:7)
  7 white imps
  A worm (D:2)
  2 dart slugs
  101 orcs
  17 endoplasms
  6 giant cockroaches
  39 goblins
  37 hobgoblins
  7 jackals (D:2)
  4 quokkas
  5 ball pythons
  3 bats
  3 frilled lizards
  20 kobolds
  9 rats
  4 tentacles (Shoals:3)
1420 creatures vanquished.

Vanquished Creatures (others)
  A merfolk aquamancer (Shoals:4)
  A freezing wraith (D:9)
  A tyrant leech (Spider:1)
  A tarantella (Spider:4)
  A wraith (D:9)
  2 humans (Spider:3)
  A black mamba simulacrum (Abyss:2)
  24 fungi
  118 plants
  2 starspawn tentacles (Shoals:2)
  3 tentacles (Shoals:3)
  10 withered plants
165 creatures vanquished.

Grand Total: 1585 creatures vanquished

Notes
Turn   | Place    | Note
-------+----------+-------------------------------------------
     0 | D:1      | cforsyth the Minotaur Berserker began the quest for the
                  | Orb.
     0 | D:1      | Reached XP level 1. HP: 19/19 MP: 0/0
    12 | D:1      | Found a faded altar of an unknown god.
    77 | D:1      | Reached XP level 2. HP: 26/27 MP: 1/1
   380 | D:1      | Found Jurhududd's Weapon Shoppe.
   738 | D:2      | Reached ** piety under Trog
   874 | D:2      | Reached XP level 3. HP: 23/33 MP: 2/2
  1421 | D:2      | Reached XP level 4. HP: 33/41 MP: 3/3
  2020 | D:3      | Identified the +0 helmet "Areokky" {rElec}
  2080 | D:3      | Found a snail-covered altar of Cheibriados.
  2193 | D:3      | Reached *** piety under Trog
  2247 | D:3      | Reached XP level 5. HP: 46/47 MP: 4/4
  2636 | D:4      | Identified the +6 sling "Meiluoz" {vorpal, Int+3}
  2731 | D:4      | Found a staircase to the Ecumenical Temple.
  2772 | D:4      | Reached skill level 5 in Fighting
  2772 | D:4      | Reached skill level 5 in Axes
  2826 | D:4      | Reached XP level 6. HP: 48/56 MP: 5/5
  3406 | D:4      | Found a radiant altar of Vehumet.
  3845 | D:5      | Entered Level 5 of the Dungeon
  3870 | D:5      | Reached XP level 7. HP: 56/62 MP: 6/6
  3892 | D:5      | Reached skill level 5 in Armour
  4350 | D:5      | Reached **** piety under Trog
  4468 | D:5      | Found an opulent altar of Gozag.
  4512 | D:5      | Reached skill level 5 in Dodging
  4522 | D:5      | Noticed Ijyb
  4540 | D:5      | Killed Ijyb
  4676 | D:5      | Reached XP level 8. HP: 67/71 MP: 7/7
  4920 | D:5      | Noticed Prince Ribbit
  4932 | D:5      | Killed Prince Ribbit
  5015 | D:6      | Found a glowing drain.
  5246 | Sewer    | Entered a sewer
  5456 | D:6      | Reached XP level 9. HP: 36/81 MP: 8/8
  5477 | D:6      | Noticed Edmund
  5490 | D:6      | Killed Edmund
  6814 | D:6      | Reached ***** piety under Trog
  7206 | D:6      | Found a broken altar of Ashenzari.
  7215 | D:6      | Found an iron altar of Okawaru.
  8751 | D:7      | Noticed Duvessa
  8752 | D:7      | Noticed Dowan
  8770 | D:7      | Killed Duvessa
  8786 | D:7      | Killed Dowan
  8827 | D:7      | Reached XP level 10. HP: 75/91 MP: 9/9
  8910 | D:7      | Identified the +5 war axe of Starshine {protect, rPois
                  | Dex+3}
  9191 | D:8      | Noticed a two-headed ogre
  9201 | D:8      | Killed a two-headed ogre
  9586 | D:8      | Found a burning altar of Makhleb.
  9951 | D:8      | Noticed Psyche
  9982 | D:8      | Killed Psyche
 10410 | D:9      | Reached skill level 10 in Fighting
 10478 | D:9      | Received a gift from Trog
 10479 | D:9      | Reached skill level 10 in Axes
 10545 | D:9      | Reached skill level 1 in Shields
 10796 | D:9      | Found a shadowy altar of Dithmenos.
 10872 | D:9      | Reached skill level 10 in Armour
 10875 | D:9      | Found a staircase to the Orcish Mines.
 11418 | D:9      | Noticed GiantSquids's ghost (journeyman DjCj)
 11420 | D:9      | Found a runed translucent gate.
 11420 | D:9      | Found a runed translucent gate.
 11420 | D:9      | Found a runed translucent gate.
 11870 | D:10     | Entered Level 10 of the Dungeon
 11885 | D:10     | Noticed Nergalle
 11912 | D:10     | Killed Nergalle
 12129 | D:10     | Found a staircase to the Lair.
 12162 | D:10     | Reached XP level 11. HP: 100/101 MP: 10/10
 12270 | D:10     | Found Orghuaho's Antique Weapon Shop.
 12271 | D:10     | Noticed a two-headed ogre
 12277 | D:10     | Killed a two-headed ogre
 12501 | D:10     | Noticed a boulder beetle
 12517 | D:10     | Noticed a two-headed ogre
 12524 | D:10     | Killed a two-headed ogre
 12531 | D:10     | Killed a boulder beetle
 12772 | D:11     | Reached skill level 5 in Shields
 13068 | D:11     | Noticed a two-headed ogre
 13076 | D:11     | Killed a two-headed ogre
 13077 | D:11     | Reached skill level 10 in Dodging
 13156 | D:11     | Noticed a two-headed ogre
 13162 | D:11     | Killed a two-headed ogre
 13586 | D:11     | Noticed a two-headed ogre
 13593 | D:11     | Killed a two-headed ogre
 13735 | D:11     | Noticed a cyan ugly thing
 13742 | D:11     | Killed a cyan ugly thing
 13742 | D:11     | Received a gift from Trog
 14242 | Lair:1   | Entered Level 1 of the Lair of Beasts
 14249 | Lair:1   | Reached XP level 12. HP: 94/112 MP: 11/11
 15561 | Lair:2   | Found a hole to the Spider Nest.
 15918 | Lair:3   | Found a staircase to the Shoals.
 16172 | Lair:3   | You fall into a shaft and drop 1 floor!
 16516 | Lair:3   | Noticed a six-headed hydra
 16526 | Lair:3   | Killed a 12-headed hydra
 16664 | Lair:3   | Noticed a death yak
 16664 | Lair:3   | Noticed a death yak
 16665 | Lair:3   | Noticed a death yak
 16665 | Lair:3   | Noticed a death yak
 16665 | Lair:3   | Noticed a death yak
 16701 | Lair:3   | Killed a death yak
 16702 | Lair:3   | Reached XP level 13. HP: 61/122 MP: 12/12
 17707 | Lair:4   | Found the +3 crown of Dyrovepreva {rElec Int+2 SInv}
 18324 | Lair:4   | Found a glowing silver altar of Zin.
 18409 | Lair:5   | Entered Level 5 of the Lair of Beasts
 18475 | Lair:5   | Found a viscous altar of Jiyva.
 18476 | Lair:5   | Found a staircase to the Slime Pits.
 18684 | Lair:5   | Received a gift from Trog
 19356 | Lair:5   | Reached XP level 14. HP: 126/133 MP: 13/13
 19569 | Lair:5   | Reached skill level 15 in Fighting
 19583 | Lair:5   | Reached skill level 15 in Axes
 19927 | Lair:5   | Reached skill level 15 in Armour
 20610 | Orc:1    | Entered Level 1 of the Orcish Mines
 20788 | D:12     | Noticed Nessos
 20798 | D:12     | Received a gift from Trog
 20808 | D:12     | Killed Nessos
 22261 | D:13     | Noticed Urug
 22261 | D:13     | Noticed Rupert
 22813 | D:13     | Killed Rupert
 23078 | D:13     | Found a gate to the Vaults.
 23112 | D:13     | Killed Urug
 24193 | Orc:1    | Noticed an orc warlord
 24431 | Orc:1    | Killed an orc warlord
 24880 | Orc:2    | Entered Level 2 of the Orcish Mines
 24881 | Orc:2    | Noticed Sonja
 24890 | Orc:2    | Killed Sonja
 25078 | Orc:2    | Received a gift from Trog
 25082 | Orc:2    | Reached XP level 15. HP: 144/144 MP: 14/14
 25912 | Orc:2    | Reached skill level 15 in Dodging
 26573 | Orc:2    | Received a gift from Trog
 27331 | Orc:2    | Found Liupnytz's Jewellery Emporium.
 27335 | Orc:2    | Found Cieluuzu's General Store.
 27402 | Orc:2    | Found Giuviweq's Antique Weapon Emporium.
 27510 | Orc:2    | Found Axzehula's Antique Armour Emporium.
 27534 | Orc:2    | Found a staircase to the Elven Halls.
 27941 | Orc:2    | Bought the ring "Pegeq" {rPois AC+4 SInv Stlth+} for 813
                  | gold pieces
 28014 | D:9      | Killed GiantSquids's ghost
 28419 | D:14     | Identified the +4 war axe of the Assorted Spines {speed,
                  | rN++ rCorr Str-2}
 29130 | D:15     | Entered Level 15 of the Dungeon
 29131 | D:15     | Noticed Josephine
 29146 | D:15     | Killed Josephine
 29167 | D:15     | Found a staircase to the Depths.
 30147 | D:15     | Identified the +1 chain mail of Hopscotch {Dex+3}
 30951 | Spider:1 | Entered Level 1 of the Spider Nest
 31000 | Spider:1 | Reached XP level 16. HP: 125/157 MP: 15/15
 31359 | Spider:1 | Received a gift from Trog
 32998 | Spider:2 | HP: 11/238 [dire elephant (1)]
 33001 | Spider:2 | HP: 1/238 [dire elephant (10)]
 34340 | Spider:3 | Received a gift from Trog
 34464 | Spider:3 | Noticed Kirke
 34497 | Spider:3 | Killed Kirke
 34782 | Spider:3 | Identified the ring "Bum Hupnowk" {rF+ Dex+4}
 35534 | Spider:4 | Entered Level 4 of the Spider Nest
 36164 | Spider:3 | Noticed Arachne
 36196 | Spider:3 | Killed Arachne
 36972 | Spider:4 | Identified the +5 broad axe "Xaunach" {flame, Drain +Blink
                  | rElec} (Trog gifted it to you on level 4 of the Spider
                  | Nest)
 36972 | Spider:4 | Received a gift from Trog
 37000 | Spider:4 | Reached XP level 17. HP: 153/168 MP: 16/16
 38752 | Spider:4 | Received a gift from Trog
 39073 | Spider:4 | Got a gossamer rune of Zot
 39527 | Spider:4 | Identified the +4 pair of gloves of Free Will {rF+ Slay+3}
 39998 | Shoals:1 | Entered Level 1 of the Shoals
 41258 | Shoals:2 | Received a gift from Trog
 41422 | Shoals:2 | Noticed Mlioglotl
 41440 | Shoals:2 | Killed Mlioglotl
 41768 | Shoals:2 | Found Bulat's Dragon-Slaying Spoils.
 42163 | Shoals:2 | Bought +0 gold dragon scales for 1120 gold pieces
 42628 | Shoals:3 | Found Geokhlamu's One-of-a-Kind Rings.
 42651 | Shoals:3 | Reached XP level 18. HP: 179/180 MP: 17/17
 42962 | Shoals:3 | Received a gift from Trog
 43182 | Shoals:4 | Entered Level 4 of the Shoals
 43507 | Shoals:4 | Reached skill level 10 in Shields
 44045 | Shoals:4 | Noticed Nikola
 44068 | Shoals:4 | Killed Nikola
 45211 | Shoals:4 | Received a gift from Trog
 45216 | Shoals:4 | Noticed Ilsuiw
 45267 | Shoals:4 | Killed Ilsuiw
 45701 | Shoals:4 | Identified the ring of Red Wine {Fire rCorr Dex+4 Slay+3}
 45719 | Shoals:4 | Reached ****** piety under Trog
 45881 | Shoals:4 | Got a barnacled rune of Zot
 46219 | Vaults:1 | Entered Level 1 of the Vaults
 46234 | Vaults:1 | Found Wurabb's Antique Weapon Shop.
 47002 | Vaults:1 | Paralysed by a sphinx for 2 turns
 47780 | Vaults:2 | Found a staircase to the Crypt.
 47792 | Vaults:2 | Received a gift from Trog
 48075 | Vaults:2 | Reached XP level 19. HP: 191/191 MP: 18/18
 48735 | Abyss:2  | Cast into level 2 of the Abyss (a wizard)
 49010 | Abyss:2  | Received a gift from Trog
 49026 | Abyss:2  | Noticed a profane servitor
 49044 | Abyss:2  | Killed a profane servitor
 49165 | Abyss:2  | Paralysed by accursed screaming for 1 turns
 49167 | Abyss:2  | Paralysed by accursed screaming for 2 turns
 49228 | Vaults:2 | Escaped the Abyss
 49402 | Vaults:2 | Identified the +9 war axe "Xienuk" {vorpal, rElec rPois
                  | Str-3 Int+6}
 49934 | Vaults:3 | Noticed Margery
 49938 | Vaults:3 | Received a gift from Trog
 49956 | Vaults:3 | Killed Margery
 50095 | Vaults:3 | Noticed Aizul
 50111 | Vaults:3 | Killed Aizul
 50457 | Vaults:3 | Noticed Mennas
 50483 | Vaults:3 | Killed Mennas
 50734 | Vaults:3 | Reached XP level 20. HP: 203/203 MP: 19/19
 51228 | Vaults:3 | Received a gift from Trog
 51555 | Vaults:3 | Annihilated by a white very ugly thing

Illustrated notes

Levels and vault maps discovered:
D:1:      kennysheep_arrival_forest, layout_loops_cross, serial_shops,
          nicolae_shop_trees, hellmonk_ecumenical_altar_lost_god,
          reono_crystal_passage
D:2:      kennysheep_the_goblin_king, layout_loops_corners
D:3:      layout_basic, mainiacjoe_overflow_small_starburst, item_on_display_a
D:4:      layout_cave_pods, vehumet_statue, minmay_temple_entry_statues_pillars
D:5:      layout_gridville, grunt_gozag_statues, guppyfry_early_orc_mine,
          uniq_ijyb, uniq_prince_ribbit1
D:6:      minmay_goblin_kobold_castle, layout_basic, mainiacjoe_overflow_swirl,
          enter_ossuary_5, serial_undead, serial_undead_c, serial_undead_d,
          serial_undead_f, serial_undead_f, gup_sewer_entry_glass, uniq_edmund
D:7:      layout_cave_pools, uniq_duvessa
D:8:      layout_loops_ring, mainiacjoe_overflow_alcove_4,
          nicolae_figureground_sparkle, uniq_psyche
D:9:      layout_loops_ring, grunt_dithmenos_shadows, david_orc_3,
          gammafunk_ghost_spectres
D:10:     layout_basic, lair_entry_dummy, serial_shops, shop_statue,
          kennysheep_decorative_pillar, uniq_nergalle
D:11:     layout_stronghold
D:12:     layout_irregular_city, uniq_nessos
D:13:     layout_roguey [special_room_orc], david_vaults_3
D:14:     layout_basic, minmay_misc_feat_diagonals
D:15:     gammafunk_depths_entry_grave, layout_rooms, uniq_josephine
Lair:1:   layout_chaotic_city, beast_lair_carwin_3
Lair:2:   layout_loops_ring, spider_nest_entry_rubble,
          chequers_serial_rivers_small_a
Lair:3:   layout_chaotic_city, minmay_shoals_entry_beasts, uniq_rupert
Lair:4:   layout_regular_city, lemuel_oklob_altar
Lair:5:   hangedman_lair_in_review, layout_gridlike,
          nicolae_slime_entry_slimehenge, lemuel_fruit_tree, lemuel_fruit_fields
Shoals:1: layout_shoals
Shoals:2: layout_shoals, nicolae_shop_dragon_depot, uniq_mlioglotl
Shoals:3: layout_shoals, nicolae_shop_unique_rings,
          nicolae_shoals_dead_sea_scrolls
Shoals:4: shoals_end_grunt_ice, layout_shoals, shoals_ilsuiw_ice, uniq_nikola
Spider:1: layout_spider_delve, nicolae_spider_swamp_cousins
Spider:2: layout_chambers, beargit_elvish_explorers
Spider:3: layout_spider_delve, hangedman_spider_tarantella_strand, uniq_kirke,
          uniq_arachne
Spider:4: johnstein_spider_rune_arachne_lair, nicolae_spider_webbed_stairs
Orc:1:    cheibrodos_orc_arena, layout_diamond_mine, basic_altar
Orc:2:    grunt_orc_cross, layout_diamond_mine, elves_outpost_lemuel, uniq_sonja
Vaults:1: vaults_room_boxed, vaults_mumra_lcd, nicolae_vaults_theta, v_rooms_5,
          v_misc_22, hangedman_vaults_capsules, nicolae_vaults_little_squares_5,
          vaults_room_pool, vaults_mumra_hexcomb, vaults_room_large_hall,
          v_misc_26, grunt_vaults_funnel, layout_vaults_ring, serial_shops,
          shop_fountains
Vaults:2: minmay_crypt_entry_simple_sparse, ontoclasm_vaults_shuriken,
          nicolae_vaults_quartermaster, nicolae_vaults_network_square,
          vaults_dpeg_encased_lava, layout_vaults_omnigrid
Vaults:3: v_rooms_3, nicolae_vaults_gold_heap, v_misc_5,
          vaults_room_grunt_arrival_ludios, vaults_room_grid,
          grunt_vaults_bifocal, v_alt_pattern_2, hangedman_vaults_trim,
          layout_vaults_big_room, uniq_aizul, uniq_margery, uniq_mennas

Skill      XL: |  1  2  3  4  5  6  7  8  9 10 11 12 13 14 15 16 17 18 19 20 |
---------------+-------------------------------------------------------------+-----
Axes           | 4 5 6 7 9 10 12 13 14 16 | 16.8
Fighting       | 4 5 6 8 9 10 12 13 14 16 17 19 20 21 23 | 23.3
Armour         | 3 4 6 7 8 10 11 13 14 15 17 19 20 21 22 23 | 23.0
Dodging        | 3 4 5 6 8 9 10 12 13 14 16 17 18 19 21 | 21.4
Shields        | 3 5 6 9 10 | 10.0

Action                   |  1- 3 |  4- 6 |  7- 9 | 10-12 | 13-15 | 16-18 | 19-21 || total
-------------------------+-------+-------+-------+-------+-------+-------+-------++-------
Melee: Hand axe          |    76 |   165 |   417 |    62 |       |       |       ||   720
       Headbutt          |    11 |    26 |    79 |   130 |   304 |   460 |   206 ||  1216
       Punch             |       |     2 |     6 |     1 |       |       |       ||     9
       War axe           |       |       |       |   490 |  1009 |  1648 |   592 ||  3739
Invok: Berserk           |     1 |       |     4 |     6 |    11 |     3 |     1 ||    26
       Trog's Hand       |       |     1 |     5 |     1 |    11 |     6 |     4 ||    28
  Use: Scroll            |       |     1 |    15 |     7 |     4 |    12 |       ||    39
       Potion            |       |       |     3 |       |     3 |       |       ||     6
Armor: Animal skin       |     5 |       |       |       |       |       |       ||     5
       Chain mail        |    23 |    91 |   270 |       |       |       |       ||   384
       Plate armour      |       |       |    28 |   265 |   534 |   488 |       ||  1315
       Skin              |       |       |       |     9 |       |       |       ||     9
       Gold dragon scale |       |       |       |       |       |   283 |   220 ||   503
Dodge: Dodged            |    48 |    70 |   254 |   312 |   590 |   877 |   274 ||  2425
Block: Buckler           |       |       |       |    94 |   231 |   343 |   120 ||   788

Table legend: (Time is in decaauts)
 A = Elapsed time spent in this place.
 B = Non-inter-level travel time spent in this place.
 C = Inter-level travel time spent in this place.
 D = Time resting spent in this place.
 E = Time spent auto-exploring this place.
 F = Levels seen in this place.
 G = Mean time per level.
                   A        B        C        D        E       F      G
               +--------+--------+--------+--------+--------+-----+--------+
         Total |  50822 |  48688 |   2134 |  14124 |  25208 |  35 | 1452.1 |
       Dungeon |  20301 |  19348 |    953 |   5623 |  10698 |  15 | 1353.4 |
          Lair |   6656 |   6249 |    407 |   1222 |   4022 |   5 | 1331.2 |
        Shoals |   6066 |   5704 |    362 |   1371 |   2751 |   4 | 1516.5 |
   Spider Nest |   8541 |   8368 |    173 |   3345 |   3273 |   4 | 2135.2 |
  Orcish Mines |   4173 |   4064 |    109 |   1920 |   1345 |   2 | 2086.5 |
        Vaults |   4532 |   4403 |    129 |    545 |   3095 |   3 | 1510.7 |
         Abyss |    452 |    452 |      0 |     96 |     22 |   1 |  452.0 |
         Sewer |     99 |     99 |      0 |      0 |      0 |   1 |   99.0 |
               +--------+--------+--------+--------+--------+-----+--------+

Top non-repeatable levels by time:
Spider:4: 3337 daAuts
     D:6: 3190 daAuts
Shoals:4: 2543 daAuts
   Orc:1: 2517 daAuts
  Lair:5: 2087 daAuts
Spider:2: 2067 daAuts
Spider:3: 2038 daAuts
    D:13: 1927 daAuts
    D:14: 1920 daAuts
     D:9: 1711 daAuts
     D:4: 1704 daAuts
   Orc:2: 1655 daAuts
  Lair:3: 1575 daAuts
Vaults:2: 1544 daAuts
    D:11: 1528 daAuts
